 Dungeon Crawl Stone Soup version 0.28-a0-71-g84acfa7270 (webtiles) character file.

Game seed: 10333859191446373730

48 siradein the Skirmisher (level 3, -1/24 HPs)
             Began as a Gargoyle Berserker on Aug 2, 2021.
             Was a Follower of Trog.
             Slain by Terence (4 damage)
             ... on level 2 of the Dungeon.
             The game lasted 00:02:54 (1876 turns).

siradein the Skirmisher (Gargoyle Berserker)        Turns: 1876, Time: 00:02:54

Health: -1/24      AC: 13    Str: 21    XL:     3   Next: 72%
Magic:  3/3        EV:  8    Int:  7    God:    Trog [*.....]
Gold:   83         SH:  0    Dex:  9    Spells: 2/2 levels left

rFire   . . .      SeeInvis .   a - +0 mace
rCold   . . .      Faith    .   (no shield)
rNeg    + . .      Spirit   .   g - +0 chain mail
rPois   ∞          Reflect  .   (no helmet)
rElec   +          Harm     .   (no cloak)
rCorr   .          Rampage  .   e - +0 pair of gloves
Will    .....                   (no boots)
Stlth   ..........              (no amulet)
HPRegen 0.08/turn               (no ring)
MPRegen 0.08/turn               (no ring)

@: no status effects
A: sickness immunity, AC +3, negative energy resistance 1, electricity
resistance, torment resistance 1, petrification resistance
a: Renounce Religion, Berserk


You were on level 2 of the Dungeon.
You worshipped Trog.
Trog was aware of your devotion.
You visited 1 branch of the dungeon, and saw 2 of its levels.

You collected 83 gold pieces.

Inventory:

Hand Weapons
 a - a +0 mace (weapon)
Armour
 e - a +0 pair of gloves (worn)
 g - a +0 chain mail (worn)
Scrolls
 c - a scroll of noise {unknown}
 f - a scroll of amnesia {unknown}
Potions
 d - a potion of brilliance {unknown}


   Skills:
 + Level 4.2 Fighting
 + Level 3.9 Maces & Flails
 - Level 2.1 Armour
 - Level 1.5 Dodging


You had 2 spell levels left.
You didn't know any spells.
Your spell library was empty.

Dungeon Overview and Level Annotations

Branches:
Dungeon (2/15)

Altars:

Shops:
D:1 [(*

Annotations:
D:1 1 runed translucent door
D:2 Terence


Innate Abilities, Weirdness & Mutations

You are immune to sickness and miasma.
Your stone body is resilient. (AC +3)
You are immune to poison.
You resist negative energy. (rN+)
You are resistant to electric shocks. (rElec)
You are resistant to unholy torment.
You are immune to petrification.


Message History

The adder bites you but does no damage.
You sock the adder!
You kill the adder!
Trog accepts your kill.
No target in view!
No target in view!
You see here a +0 dagger.
Found 22 arrows.
You now have 83 gold pieces (gained 10).
You open the door.
There is an open door here.
Found 22 stones.
Terence the Incautious comes into view.
He is wielding a +0 flail.
Terence is nearby!
Terence is nearby!
Terence is nearby!
Terence is nearby!
Terence is nearby!
Terence hits you but does no damage.
Your chain mail prevents you from hitting Terence.
Terence drinks a potion.
Terence goes berserk!
You hit Terence but do no damage. Terence hits you with a +0 flail!
Terence barely misses you.
You hit Terence but do no damage. Terence hits you with a +0 flail.
Terence hits you but does no damage.
You sock Terence!
Terence is moderately wounded.
Terence hits you but does no damage.
You hit Terence but do no damage.
Terence is moderately wounded.
Terence hits you with a +0 flail!
* * * LOW HITPOINT WARNING * * *
Terence closely misses you. Terence closely misses you.
Terence hits you with a +0 flail.
* * * LOW HITPOINT WARNING * * *
Terence hits you with a +0 flail.
* * * LOW HITPOINT WARNING * * *
Terence hits you with a +0 flail.
You die...

#.#
#.............
#.#
##############
#.# #...... #.#
#......
#.####......
#.##......
#.##....#
#.##.(..########
#@##............
#.@.............
#####......$....
#...........
#...........
#...........
#...........
#######+####


You could see Terence (berserk).

Vanquished Creatures
  2 adders (D:2)
  2 dart slugs
  3 ball pythons
  2 endoplasms
  4 giant cockroaches
  5 goblins (D:1)
  A hobgoblin (D:1)
  A quokka (D:2)
  2 frilled lizards (D:2)
  4 kobolds
  A rat (D:2)
27 creatures vanquished.

Notes
Turn   | Place    | Note
-------+----------+-------------------------------------------
     0 | D:1      | siradein the Gargoyle Berserker began the quest for the
                  | Orb.
     0 | D:1      | Reached XP level 1. HP: 14/14 MP: 1/1
     1 | D:1      | Found a runed translucent door.
     2 | D:1      | Noticed a jelly
   601 | D:1      | Reached XP level 2. HP: 19/19 MP: 2/2
   671 | D:1      | Found Riahuv's Weapon Shop.
   721 | D:1      | Found Cebratagh's Antique Armour Emporium.
   818 | D:1      | Found Podu's General Store.
   944 | D:1      | Found a faded altar of an unknown god.
  1611 | D:2      | Reached XP level 3. HP: 24/24 MP: 3/3
  1627 | D:2      | Reached skill level 4 in Fighting
  1861 | D:2      | Noticed Terence
  1876 | D:2      | Slain by Terence

Illustrated notes

Levels and vault maps discovered:
D:1:      dpeg_arrival_caged_fury, layout_basic, serial_shops,
          nicolae_square_shop, nicolae_shop_window_shopping,
          nicolae_shop_overgrown_old_shop,
          shapermc_ecumenical_altar_mp_ritualfount
D:2:      layout_basic, minmay_pentomino_o2, uniq_terence

Skill      XL: |  1  2  3 |
---------------+----------+-----
Fighting       | 4 |  4.2
Maces & Flails | |  3.9
Armour         | |  2.1
Dodging        | |  1.5

Action                   || total
-------------------------++-------
Melee: Mace              ||    85
Armor: Animal skin       ||    15
       Chain mail        ||    22
Dodge: Dodged            ||    44

Table legend: (Time is in decaauts)
 A = Elapsed time spent in this place.
 B = Non-inter-level travel time spent in this place.
 C = Inter-level travel time spent in this place.
 D = Time resting spent in this place.
 E = Time spent auto-exploring this place.
 F = Levels seen in this place.
 G = Mean time per level.
                   A        B        C        D        E       F      G
               +--------+--------+--------+--------+--------+-----+--------+
         Total |   1895 |   1801 |     94 |    477 |   1110 |   2 |  947.5 |
       Dungeon |   1895 |   1801 |     94 |    477 |   1110 |   2 |  947.5 |
               +--------+--------+--------+--------+--------+-----+--------+

Top non-repeatable levels by time:
     D:1: 1426 daAuts
     D:2: 469 daAuts
